 Dungeon Crawl Stone Soup version 0.22.1-1-ga44c0e5 (webtiles) character file.

6248 dvd the Firebug (level 10, -6/63 HPs)
             Began as an Octopode Fire Elementalist on Oct 4, 2018.
             Was a Priest of Vehumet.
             Mangled by a hornet (12 damage)
             ... on level 10 of the Dungeon.
             The game lasted 00:27:48 (12066 turns).

dvd the Firebug (Octopode Fire Elementalist)       Turns: 12066, Time: 00:27:50

Health: -6/63      AC:  4    Str:  9    XL:     10   Next: 93%
Magic:  9/20       EV: 15    Int: 20    God:    Vehumet [***...]
Gold:   228        SH:  6    Dex: 12    Spells: 4/23 levels left

rFire    + . .     SeeInvis .   a - +6 hand axe of the Morning {freeze, *Corrode rElec rPois Stlth+}
rCold    . . .     Gourm    .   A - +1 buckler
rNeg     + . .     Faith    +   (helmet restricted)
rPois    +         Spirit   .   B - amulet of faith
rElec    +         Reflect  .   F - +3 ring of protection
rCorr    .         Harm     .   t - ring of protection from fire
MR       .....                  z - ring of positive energy
Stlth    +++++.....             (no ring)
HPRegen  0.20/turn              (no ring)
MPRegen  0.17/turn              (no ring)
                                (no ring)
                                (no ring)

@: slowed, very slow
A: almost no armour, stealthy swim, amphibious, 8 rings, constrict 8, tentacle
spike 3, camouflage 1, gelatinous body 1
a: Renounce Religion


You were on level 10 of the Dungeon.
You worshipped Vehumet.
Vehumet was most pleased with you.
You were hungry.

You visited 2 branches of the dungeon, and saw 11 of its levels.

You collected 500 gold pieces.
You spent 272 gold pieces at shops.

Inventory:

Hand Weapons
 a - the +6 hand axe of the Morning (weapon) {freeze, *Corrode rElec rPois Stlth+}
   (You bought it in a shop on level 8 of the Dungeon)

   It has been specially enchanted to freeze those struck by it, causing extra
   injury to most foes and up to half again as much damage against particularly
   susceptible opponents.
   It can also slow down cold-blooded creatures.
   It insulates you from electricity.
   It protects you from poison.
   It may corrode you when you take damage.
   It makes you more stealthy.
 k - a +2 hand axe of chopping
 p - a +2 morningstar of draining
 s - a +2 dagger of speed
 D - a +0 war axe
 E - a +0 short sword of speed
Missiles
 v - 14 javelins (quivered)
Armour
 A - a +1 buckler (worn)
Jewellery
 t - a ring of protection from fire (right tentacle)
 z - a ring of positive energy (on tentacle)
 B - an amulet of faith (around mantle)
 F - a +3 ring of protection (left tentacle)
Wands
 x - a wand of acid (14)
 y - a wand of polymorph (5)
 C - a wand of clouds (5)
Scrolls
 d - 10 scrolls of identify
 e - 5 scrolls of magic mapping
 i - a scroll of fear
 j - 6 scrolls of teleportation
 m - 2 scrolls of enchant weapon
 n - 6 scrolls of remove curse
 q - a scroll of amnesia
Potions
 c - a potion of invisibility
 g - 5 potions of curing
 h - a potion of heal wounds
 l - a potion of flight
 o - 2 potions of mutation
 w - 5 potions of haste
Comestibles
 b - 19 rations
 r - 15 chunks of flesh


   Skills:
 + Level 4.1 Fighting
 + Level 5.2 Axes
 + Level 5.0 Dodging
 + Level 7.3 Stealth
 - Level 4.1 Shields
 + Level 7.0 Spellcasting
 + Level 6.7 Conjurations
 + Level 7.7 Fire Magic
 + Level 1.1 Evocations


You had 4 spell levels left.
You knew the following spells:

 Your Spells              Type           Power        Failure   Level  Hunger
a - Flame Tongue          Conj/Fire      #####        1%          1    None
b - Throw Flame           Conj/Fire      #####.       1%          2    None
c - Sticky Flame          Conj/Fire      #####...     1%          4    ###....
d - Fireball              Conj/Fire      #####.....   4%          5    #####..
e - Throw Icicle          Conj/Ice       ###.....     7%          4    ###....
f - Stone Arrow           Conj/Erth      ###...       1%          3    #......

Your spell library contained the following spells:

 Spells                   Type           Power        Failure   Level  Hunger
 Throw Frost              Conj/Ice       ###...       1%          2    None
 Conjure Flame            Conj/Fire      #####...     1%          3    #......
 Inner Flame              Hex/Fire       ###.....     1%          3    #......
 Freeze                   Ice            #...         2%          1    None
 Summon Small Mammal      Summ           #...         10%         1    None
 Call Imp                 Summ           #.......     14%         2    None
 Call Canine Familiar     Summ           #.......     28%         3    #......
 Ozocubu's Armour         Chrm/Ice       #.......     28%         3    #......
 Summon Guardian Golem    Hex/Summ       #.......     28%         3    #......
 Summon Ice Beast         Ice/Summ       #.......     67%         4    ###....
 Summon Lightning Spire   Summ/Air       #.......     67%         4    ###....


Dungeon Overview and Level Annotations

Branches:
Dungeon (10/15)            Temple (1/1) D:4
   Lair: D:8-11         Orc: D:9-12

Altars:
Elyvilon
Fedhas
Gozag
Kikubaaqudgha
Okawaru
Qazlal
Ru
Sif Muna
Vehumet
Wu Jian
Xom
Yredelemnul
Zin

Shops:
D:8 [**(


Innate Abilities, Weirdness & Mutations

You cannot wear most types of armour.
You are very stealthy in the water. (Stealth+)
You are amphibious.
You can wear up to eight rings at the same time.
You can use your tentacles to constrict eight enemies at once.
Your skin changes colour to match your surroundings (Stealth+).
Your rubbery body absorbs attacks. (AC +1, EV +1)
One of your tentacles bears a large vicious spike.


Message History

The stone arrow misses the hornet.
The hornet burns!
The hornet stings you.
You suddenly lose the ability to move!
The hornet burns!
The hornet stings you!
You feel yourself slow down. The hornet stings you.
The hornet burns!
The hornet stops burning.
The hornet barely misses you.
You can move again.
Unknown command.
Casting: Stone Arrow (safe; 1% risk of failure)
Confirm with . or Enter, or press ? or * to list all spells.
Aiming: Sticky Flame (safe; 1% risk of failure)
Press: ? - help, Shift-Dir - straight line, f/p - hornet
Aim: a hornet (heavily wounded)
The sticky flame hits the hornet.
The hornet is severely wounded.
The hornet is covered in liquid flames!
You are feeling hungry.
The hornet burns!
The hornet stings you!
* * * LOW HITPOINT WARNING * * *
The hornet stings you!
You die...

........#...........#
...######...........#
....................#
........#########+###
........#....#
........#....#
####.........#
.....###'###.#
.....#≈≈@≈≈# ....
#≈..y≈# ...# +..⌠.?+
### #≈...≈# #≈≈.≈≈#
###+###


You could see a hornet (burning).

Vanquished Creatures
  A two-headed ogre (D:9)
  A troll (D:9)
  2 hornets (D:7)
  A spriggan (D:8)
  11 yaks
  3 sky beasts
  2 orc warriors
  4 ice beasts
  A phantom (D:7)
  A necrophage (D:9)
  4 ogres
  5 centaurs
  2 big kobolds (D:9)
  2 bullfrogs
  4 scorpions
  A killer bee (D:8)
  2 centaur zombies
  A bullfrog zombie (D:4)
  A crimson imp (D:5)
  A quasit (D:5)
  A hound (D:10)
  3 orc priests
  3 iguanas
  5 worker ants
  6 orc wizards
  A killer bee zombie (D:7)
  2 hound zombies
  A hound skeleton (D:6)
  2 worker ant zombies
  3 gnolls (D:4)
  10 adders
  A shadow imp (D:8)
  An adder skeleton (D:6)
  6 worms
  A dart slug (D:1)
  5 leopard geckos
  22 orcs
  6 bats
  6 giant cockroaches
  14 goblins
  14 hobgoblins
  3 jackals (D:2)
  6 quokkas
  2 frilled lizards (D:1)
  17 kobolds
  2 quokka skeletons
  A quokka zombie (D:6)
  6 rats
  A spectral orc (D:6)
201 creatures vanquished.

Notes
Turn   | Place    | Note
-------+----------+-------------------------------------------
     0 | D:1      | dvd the Octopode Fire Elementalist began the quest for the
                  | Orb.
     0 | D:1      | Reached XP level 1. HP: 11/11 MP: 3/3
   240 | D:1      | Reached XP level 2. HP: 17/17 MP: 0/5
   423 | D:1      | Learned a level 2 spell: Throw Flame
   769 | D:1      | Reached XP level 3. HP: 21/21 MP: 0/6
  1206 | D:2      | Found a blossoming altar of Fedhas.
  1241 | D:2      | Reached XP level 4. HP: 22/27 MP: 3/7
  2014 | D:2      | Found a sacrificial altar of Ru.
  2016 | D:2      | Found a blossoming altar of Fedhas.
  2016 | D:2      | Found a hazy altar of Hepliaklqana.
  2018 | D:2      | Found a bloodstained altar of Trog.
  2018 | D:2      | Found a shimmering altar of Xom.
  2018 | D:2      | Found a basalt altar of Yredelemnul.
  2365 | D:3      | Reached XP level 5. HP: 31/31 MP: 5/8
  2430 | D:3      | Found a sacrificial altar of Ru.
  3683 | D:4      | Found a staircase to the Ecumenical Temple.
  3693 | Temple   | Entered the Ecumenical Temple
  3697 | Temple   | Became a worshipper of Vehumet
  3707 | D:4      | Noticed an ogre
  3720 | D:4      | Killed an ogre
  3720 | D:4      | Reached skill level 1 in Axes
  3720 | D:4      | Reached XP level 6. HP: 37/37 MP: 0/10
  3726 | D:4      | Learned a level 4 spell: Sticky Flame
  4631 | D:5      | Entered Level 5 of the Dungeon
  4633 | D:5      | Noticed a sky beast
  4645 | D:5      | Killed a sky beast
  4847 | D:5      | Reached XP level 7. HP: 37/42 MP: 10/12
  4882 | D:5      | Found a deep blue altar of Sif Muna.
  4963 | D:5      | Reached skill level 1 in Fighting
  4964 | D:5      | Found an ancient bone altar of Kikubaaqudgha.
  5347 | D:5      | Reached skill level 5 in Fire Magic
  5596 | D:5      | Reached skill level 5 in Stealth
  6177 | D:6      | Reached * piety under Vehumet
  6177 | D:6      | Offered knowledge of Shock by Vehumet.
  6266 | D:6      | Reached XP level 8. HP: 37/48 MP: 7/13
  6889 | D:6      | Found a basalt altar of Yredelemnul.
  7137 | D:7      | Noticed a hornet
  7143 | D:7      | Killed a hornet
  7897 | D:7      | Learned a level 5 spell: Fireball
  8027 | D:7      | Noticed a hornet
  8033 | D:7      | Killed a hornet
  8033 | D:7      | Reached skill level 1 in Shields
  8033 | D:7      | Reached skill level 5 in Spellcasting
  8033 | D:7      | Reached XP level 9. HP: 20/55 MP: 6/16
  8601 | D:8      | Reached skill level 5 in Conjurations
  9037 | D:8      | Found Rufai's Antique Armour Emporium.
  9038 | D:8      | Found Voriaghi's Assorted Antiques.
  9039 | D:8      | Found Douba's Assorted Antiques.
  9044 | D:8      | Found Gufogi's Weapon Emporium.
  9060 | D:8      | Offered knowledge of Sting by Vehumet.
  9061 | D:8      | Reached ** piety under Vehumet
  9304 | D:8      | Bought an iridescent hand axe for 272 gold pieces
  9304 | D:8      | Identified the +6 hand axe of the Morning {freeze, *Corrode
                  | rElec rPois Stlth+} (You bought it in a shop on level 8 of
                  | the Dungeon)
  9866 | D:8      | Reached skill level 1 in Evocations
 10320 | D:8      | Reached XP level 10. HP: 63/63 MP: 13/18
 10772 | D:9      | Offered knowledge of Mephitic Cloud by Vehumet.
 11026 | D:9      | Found an opulent altar of Gozag.
 11028 | D:9      | Found a glowing silver altar of Zin.
 11028 | D:9      | Found a stormy altar of Qazlal.
 11071 | D:9      | Reached *** piety under Vehumet
 11219 | D:9      | Learned a level 4 spell: Throw Icicle
 11389 | D:9      | Noticed a two-headed ogre
 11402 | D:9      | Killed a two-headed ogre
 11402 | D:9      | Reached skill level 5 in Axes
 11635 | D:9      | Offered knowledge of Stone Arrow by Vehumet.
 11704 | D:9      | Gained mutation: One of your tentacles bears a spike.
                  | [potion of mutation]
 11704 | D:9      | Gained mutation: One of your tentacles bears a nasty spike.
                  | [potion of mutation]
 11704 | D:9      | Gained mutation: One of your tentacles bears a large
                  | vicious spike. [potion of mutation]
 11857 | D:10     | Entered Level 10 of the Dungeon
 12042 | D:10     | Reached skill level 5 in Dodging
 12059 | D:10     | Learned a level 3 spell: Stone Arrow
 12063 | D:10     | Paralysed by a hornet for 3 turns
 12066 | D:10     | Mangled by a hornet

Skill      XL: |  1  2  3  4  5  6  7  8  9 10 |
---------------+-------------------------------+-----
Stealth        | 3 4 5 6 7 |  7.3
Fire Magic     | 4 5 6 7 |  7.7
Conjurations   | 2 3 4 5 6 |  6.7
Axes           | 1 2 3 4 5 |  5.2
Spellcasting   | 3 5 7 |  7.0
Fighting       | 1 2 3 4 |  4.1
Dodging        | 3 4 5 |  5.0
Shields        | 1 3 4 |  4.1
Evocations     | 1 |  1.1

Action                   |  1- 3 |  4- 6 |  7- 9 | 10-12 || total
-------------------------+-------+-------+-------+-------++-------
Melee: Unarmed           |    14 |       |       |       ||    14
       Constrict         |     9 |    17 |    29 |     9 ||    64
       Tentacles         |     4 |     7 |    28 |     6 ||    45
       Club              |    11 |       |       |       ||    11
       Hand axe          |     9 |    81 |   145 |    58 ||   293
       Kick              |       |       |       |     1 ||     1
 Cast: Flame Tongue      |    43 |    68 |    63 |    29 ||   203
       Throw Flame       |     2 |    21 |    29 |    22 ||    74
       Sticky Flame      |       |     1 |    21 |    13 ||    35
       Fireball          |       |       |     1 |     7 ||     8
       Stone Arrow       |       |       |       |     1 ||     1
Evoke: Wand              |       |       |     2 |       ||     2
  Use: Scroll            |     1 |       |     1 |     9 ||    11
       Potion            |       |       |     4 |     6 ||    10
 Stab: Sleeping          |     1 |     8 |    12 |     1 ||    22
       Distracted        |       |       |     1 |       ||     1
  Eat: Chunk             |     2 |    12 |    14 |    10 ||    38
       Ration            |       |       |     2 |       ||     2
Armor: Skin              |    16 |    20 |    34 |     9 ||    79
Dodge: Dodged            |    26 |    71 |   130 |    32 ||   259
Block: Buckler           |       |       |     7 |    20 ||    27
